 Dungeon Crawl Stone Soup version 0.28.0-53-g5a82cb258f (webtiles) character file.

Game seed: 14842894630098546124

119 mefisto the Conjurer (level 4, -1/24 HPs)
             Began as a Deep Elf Conjurer on Aug 3, 2022.
             Slain by Sigmund
             ... wielding a +0 scythe
              (13 damage)
             ... on level 3 of the Dungeon.
             The game lasted 00:07:16 (3228 turns).

mefisto the Conjurer (Deep Elf Conjurer)            Turns: 3228, Time: 00:07:16

Health: -1/24      AC:  3    Str:  4    XL:     4   Next: 74%
Magic:  6/12       EV: 13    Int: 25    God:
Gold:   65         SH:  0    Dex: 13    Spells: 6/12 levels left

rFire   . . .      SeeInvis .   f - +0 dagger
rCold   . . .      Faith    .   (no shield)
rNeg    . . .      Spirit   .   q - +0 animal skin
rPois   .          Reflect  .   r - +0 helmet
rElec   .          Harm     .   (no cloak)
rCorr   .          Rampage  .   (no gloves)
Will    +....                   (no boots)
Stlth   ++........              (no amulet)
HPRegen 0.08/turn               b - ring of willpower
MPRegen 0.13/turn               (no ring)

@: no status effects
A: no striking features
a: no special abilities


You were on level 3 of the Dungeon.
You visited 1 branch of the dungeon, and saw 3 of its levels.

You collected 65 gold pieces.

Inventory:

Hand Weapons
 f - a +0 dagger (weapon)
 o - a +0 hunting sling
Missiles
 h - 11 atropa-tipped darts
 n - 25 bolts
Armour
 a - a +0 robe
 j - the +0 robe of New Discoveries {rPois Regen+ Slay-5 SInv}
   (You found it on level 2 of the Dungeon)

   Slay:      It affects your accuracy & damage with ranged weapons and melee
   (-5).
   rPois:     It protects you from poison.
   SInv:      It lets you see invisible.
   Regen:     It increases your rate of health regeneration.
 q - a +0 animal skin (worn)
 r - a +0 helmet (worn)
Jewellery
 b - a ring of willpower (left hand)
Scrolls
 c - 3 scrolls of teleportation {unknown}
 i - 2 scrolls of blinking {unknown}
 k - a scroll of immolation {unknown}
 l - a scroll of enchant armour {unknown}
Potions
 d - a potion of mutation {unknown}
 e - a potion of curing {unknown}
 g - a potion of brilliance {unknown}
 m - a potion of invisibility {unknown}
 p - a potion of resistance {unknown}


   Skills:
 + Level 3.2 Dodging
 + Level 3.3 Stealth
 * Level 4.8 Spellcasting
 + Level 4.8 Conjurations
 + Level 1.9 Hexes


You had 6 spell levels left.
You knew the following spells:

 Your Spells              Type           Power      Damage    Failure   Level
a - Magic Dart            Conj           100%       1d8       1%          1
q - Dazzling Flash        Conj/Hex       46%        N/A       6%          3
s - Searing Ray           Conj           60%        2d6       1%          2

Your spell library contained the following spells:

 Spells                   Type           Power      Damage    Failure   Level
 Fulminant Prism          Conj/Hex       11%        3d9       21%         4
 Iskenderun's Mystic Bla  Conj/Tloc      18%        2d6       30%         4


Dungeon Overview and Level Annotations

Branches:
Dungeon (3/15)

Altars:

Annotations:
D:1 fly
D:3 Sigmund


Message History

h - 4 atropa-tipped darts (gained 1)
Things that are here:
a +0 flail; a +0 chain mail; the human corpse of Terence
h - 6 atropa-tipped darts (gained 2)
Things that are here:
18 stones; a +0 dagger You see here a +0 club.
h - 7 atropa-tipped darts (gained 1)
There is a stone staircase leading down here.
h - 10 atropa-tipped darts (gained 3)
h - 11 atropa-tipped darts (gained 1) Done exploring.
Done exploring.
There is a stone staircase leading down here.
You climb downwards.
Level annotation: Sigmund
There is a stone staircase leading up, spattered with blood here.
The magic dart hits the bat.
You kill the bat!
Sigmund zaps a wand.
The puff of flame misses you.
Casting: Magic Dart (safe; 1% risk of failure)
Confirm with . or Enter, or press ? or * to list all spells.
Aiming: Searing Ray (safe; 1% risk of failure)
Press: ? - help, Shift-Dir - straight line, f - Sigmund
Aim: Sigmund, wielding a +0 scythe, wearing a +0 robe and carrying a wand of flame (11) (77% to hit)
The searing ray hits Sigmund!
Sigmund is moderately wounded. (Press . to maintain the ray.) Sigmund points at you and mumbles some strange words.
The puff of flame hits you!
The searing ray hits Sigmund!
Sigmund is heavily wounded.
The searing ray misses Sigmund.
Sigmund casts a spell at you. The puff of flame hits you.
The searing ray misses Sigmund.
You finish channelling your searing ray.
Sigmund hits you from afar with a +0 scythe!
Ouch! That really hurt!
You die...

###########
..........#
>....#....#
#.........#
..........#
##........####.#
........@......#
.......†######..
......@.#
........####
...........#
..######........
. #.......#
#...@....
.........


You could see Sigmund.

Vanquished Creatures
  Terence (D:2)
  Robin (D:2)
  2 adders (D:2)
  7 endoplasms
  2 giant cockroaches (D:1)
  12 goblins
  8 hobgoblins
  2 jackals (D:1)
  7 kobolds
  A quokka (D:2)
  A ball python (D:2)
  11 bats
  3 frilled lizards (D:1)
  2 rats
60 creatures vanquished.

Notes
Turn   | Place    | Note
-------+----------+-------------------------------------------
     0 | D:1      | mefisto the Deep Elf Conjurer began the quest for the Orb.
     0 | D:1      | Reached XP level 1. HP: 10/10 MP: 6/6
   187 | D:1      | Reached XP level 2. HP: 15/15 MP: 5/8
   190 | D:1      | Learned a level 2 spell: Searing Ray
   522 | D:1      | Reached skill level 1 in Hexes
   786 | D:1      | Reached XP level 3. HP: 19/19 MP: 8/10
   790 | D:1      | Learned a level 3 spell: Dazzling Flash
  1182 | D:2      | Identified the +0 robe of New Discoveries {rPois Regen+
                  | Slay-5 SInv}
  1229 | D:2      | Noticed Robin
  1485 | D:2      | Reached XP level 4. HP: 24/24 MP: 9/12
  2039 | D:2      | Killed Robin
  2300 | D:3      | Noticed Sigmund
  2512 | D:3      | Noticed Terence
  2960 | D:2      | Killed Terence
  3228 | D:3      | Slain by Sigmund

Illustrated notes

Levels and vault maps discovered:
D:1:      minmay_arrival_floating_metal, layout_loops_ring
D:2:      layout_basic, hangedman_decor_slide_cut, serial_bayou_crossing,
          uniq_robin
D:3:      layout_basic, dreamdust_ecumenical_altar_hidden_monk_grotto,
          serial_park_tiny_pond, minmay_mini_jars, uniq_crazy_yiuf_cottage,
          uniq_terence, uniq_sigmund

Skill      XL: |  1  2  3 |
---------------+----------+-----
Hexes          | 1 |  1.9
Stealth        | 3 |  3.3
Dodging        | 3 |  3.2
Spellcasting   | 4 |  4.8
Conjurations   | |  4.8

Action                   |  1- 3 |  4- 6 || total
-------------------------+-------+-------++-------
Melee: Dagger            |     4 |       ||     4
Throw: Dart              |       |     8 ||     8
 Cast: Magic Dart        |    74 |    21 ||    95
       Searing Ray       |     1 |     6 ||     7
 Stab: Sleeping          |     2 |       ||     2
Armor: Robe              |     5 |     1 ||     6
       Animal skin       |       |     3 ||     3
Dodge: Dodged            |     9 |    14 ||    23
